 Dungeon Crawl Stone Soup version 0.23-a0-395-gcf17ac6 (webtiles) character file.

878 riellis the Ducker (level 7, -1/33 HPs)
             Began as a Felid Transmuter on Nov 1, 2018.
             Was a Follower of Uskayaw.
             Killed from afar by an orc wizard (8 damage)
             ... with a puff of frost
             ... on level 8 of the Dungeon.
             The game lasted 00:31:21 (11850 turns).

riellis the Ducker (Felid Transmuter)              Turns: 11850, Time: 00:31:21

Health: -1/33      AC:  2    Str:  6    XL:     7   Next: 75%
Magic:  18/21      EV: 28    Int: 17    God:    Uskayaw [*.....]
Gold:   310        SH:  0    Dex: 21    Spells: 6/12 levels left
                                        Lives:  0   Deaths: 2

rFire    . . .     SeeInvis +     - Unarmed
rCold    . . .     Gourm    .   (shield unavailable)
rNeg     . . .     Faith    +   (armour unavailable)
rPois    x         Spirit   .   (helmet unavailable)
rElec    .         Reflect  .   (cloak unavailable)
rCorr    .         Harm     .   (gloves unavailable)
MR       ++...                  (boots unavailable)
Stlth    ++........             r - amulet of faith
HPRegen  0.11/turn              o - ring of magical power
MPRegen  0.17/turn              s - ring of protection from magic

@: spider-form
A: tiny, no armour, no weapons or thrown items, stealth, see invisible,
carnivore, slow metabolism 1
a: End Transformation, Stomp, Renounce Religion


You were on level 8 of the Dungeon.
You worshipped Uskayaw.
Uskayaw was noncommittal.
You were full.
You were a venomous arachnid creature.
You visited 2 branches of the dungeon, and saw 9 of its levels.

You collected 310 gold pieces.

Inventory:

Missiles
 a - 84 arrows
Jewellery
 o - a ring of magical power (left front leg)
 r - an amulet of faith (around neck)
 s - a ring of protection from magic (right front leg)
 t - an uncursed ring of resist corrosion
 u - an uncursed ring of flight
Wands
 v - a wand of random effects (17)
Scrolls
 d - 2 scrolls of identify
 e - 2 scrolls of fog {unknown}
 h - a scroll of fear {unknown}
 i - 2 scrolls of magic mapping {unknown}
 j - 2 scrolls of remove curse
 k - 5 scrolls of teleportation {unknown}
 m - a scroll of random uselessness {unknown}
 p - a scroll of noise {unknown}
Potions
 b - a potion of magic
 f - 4 potions of curing
 g - 3 potions of might
 l - a potion of flight
 n - 3 potions of mutation
 q - 2 potions of heal wounds
 w - a potion of ambrosia
 x - a potion of lignification {unknown}
Comestibles
 c - 18 rations


   Skills:
 + Level 5.3 Fighting
 + Level 7.5 Dodging
 + Level 6.1 Unarmed Combat
 - Level 3.3 Spellcasting
 + Level 5.7 Transmutations
 - Level 2.0 Poison Magic
 + Level 2.1 Invocations


You had 6 spell levels left.
You knew the following spells:

 Your Spells              Type           Power        Failure   Level  Hunger
a - Beastly Appendage     Tmut           ###...       7%          1    None
b - Sticks to Snakes      Tmut           ###.....     9%          2    ##.....
c - Spider Form           Tmut/Pois      ###.......   26%         3    ###....

Your spell library contained the following spells:

 Spells                   Type           Power        Failure   Level  Hunger
 Blade Hands              Tmut           ###.......   63%         5    ######.
 Ice Form                 Ice/Tmut       ##......     67%         4    ####...


Dungeon Overview and Level Annotations

Branches:
Dungeon (8/15)             Temple (1/1) D:6
   Lair: D:8-11

Altars:
Ashenzari
Cheibriados
Dithmenos
Elyvilon
Fedhas
Gozag
Hepliaklqana
Kikubaaqudgha
Makhleb
Nemelex Xobeh
Okawaru
Qazlal
Ru
Sif Muna
Trog
Uskayaw
Vehumet
Wu Jian
Xom
Yredelemnul
Zin
The Shining One

Shops:
D:5 =


Innate Abilities, Weirdness & Mutations

You cannot wear armour.
You are incapable of wielding weapons or throwing items.
Your paws allow you to move quietly. (Stealth)
((You have sharp claws.))
((You have razor-sharp teeth.))
You have supernaturally acute eyesight. (SInv)
You are carnivorous and can eat meat at any time.
((You cover ground quickly.))
((You are covered in thick fur. (AC +2)))
You have a slow metabolism.
((Your sharp claws are effective at attacking unaware monsters.))


Message History

An orc priest comes into view. It is wielding a +0 short sword.
An orc priest and an orc wizard come into view.
The orc priest shouts!
You hear a shout!
The orc priest shouts!
The orc wizard shouts!
You see here 16 arrows.
a - 84 arrows (gained 16)
Casting: Spider Form (safe; 11% risk of failure)
Confirm with . or Enter, or press ? or * to list all spells.
You turn into a venomous arachnid creature.
The orc priest hits you with a +0 short sword.
You completely miss the orc wizard.
The orc priest invokes the aid of Beogh against you.
Beogh smites you!
The orc wizard hits you with a +0 dagger.
The orc priest calls down the wrath of Beogh upon you.
Beogh smites you!
* * * LOW HITPOINT WARNING * * *
The orc wizard gestures at you while chanting.
The puff of frost hits you!
You die...

#.########.###.
.#.
#........#.##..
... #
########.#.##.#
..# .# #[...#.#
..#..#
##....#.###..#..##
#...[.............
#...............#
#.......#.oo.#
###...##s#.#.#
#.....###.o.o...
###### #.##..# .#
. .. .. ###


You could see an orc priest and an orc wizard.

Vanquished Creatures
  A hippogriff (D:3)
  A black bear (D:6)
  An ice beast (D:6)
  2 orc warriors (D:7)
  A sky beast (D:6)
  An ogre (D:5)
  A big kobold (D:7)
  A bullfrog (D:6)
  A crimson imp (D:6)
  A hound (D:6)
  2 jellies
  5 orc priests
  7 orc wizards
  A worker ant (D:5)
  A hound skeleton (D:8)
  A worker ant zombie (D:6)
  7 adders
  6 gnolls
  A shadow imp (D:6)
  2 adder skeletons
  2 worms
  4 dart slugs
  7 leopard geckos
  20 orcs
  7 giant cockroaches
  6 goblins
  4 hobgoblins
  6 jackals
  4 quokkas
  A ball python (D:2)
  9 bats
  2 frilled lizards
  13 kobolds
  A leopard gecko skeleton (D:5)
  11 rats
141 creatures vanquished.

Vanquished Creatures (collateral kills)
  A hornet zombie (D:6)
  A bullfrog (D:6)
  A scorpion (D:5)
  An orc wizard (D:6)
  Jessica (D:3)
  An iguana (D:6)
  A worker ant (D:5)
  2 adders (D:2)
  A worm (D:4)
  5 orcs
  2 hobgoblins
  A jackal (D:6)
  2 frilled lizards
  A rat (D:1)
21 creatures vanquished.

Vanquished Creatures (others)
  A jackal (D:6)
1 creature vanquished.

Grand Total: 163 creatures vanquished

Notes
Turn   | Place    | Note
-------+----------+-------------------------------------------
     0 | D:1      | riellis the Felid Transmuter began the quest for the Orb.
     0 | D:1      | Reached XP level 1. HP: 9/9 MP: 4/4
   378 | D:1      | Reached XP level 2. HP: 10/12 MP: 3/6
   388 | D:1      | Learned a level 2 spell: Sticks to Snakes
   673 | D:1      | Reached skill level 3 in Dodging
  1121 | D:1      | Reached XP level 3. HP: 12/15 MP: 5/7
  1126 | D:1      | Learned a level 3 spell: Spider Form
  2478 | D:2      | Reached XP level 4. HP: 16/19 MP: 4/8
  3574 | D:3      | Noticed Jessica
  3582 | D:3      | Killed Jessica
  3885 | D:3      | Reached skill level 1 in Poison Magic
  4118 | D:3      | Reached skill level 4 in Dodging
  4118 | D:3      | Reached XP level 5. HP: 20/22 MP: 0/10
  4246 | D:3      | Noticed a hippogriff
  5125 | D:3      | Killed a hippogriff
  5125 | D:3      | Gained mutation: You are covered in thick fur. (AC +2)
                  | [Felid growth]
  5125 | D:3      | Reached XP level 6. HP: 13/28 MP: 11/11
  5412 | D:4      | Found a sparkling altar of Nemelex Xobeh.
  6085 | D:5      | Entered Level 5 of the Dungeon
  6197 | D:5      | Found Atihoski's Jewellery Boutique.
  6368 | D:5      | Reached skill level 5 in Dodging
  6368 | D:5      | Reached XP level 7. HP: 4/31 MP: 12/12
  7615 | D:6      | Slain by a hornet zombie
  7616 | D:6      | Reached XP level 6. HP: -1/28 MP: 15/20
  7627 | D:6      | Found a shattered altar of Ashenzari.
  7724 | D:6      | Killed a sky beast
  7728 | D:6      | Reached XP level 7. HP: 15/32 MP: 2/12
  7911 | D:6      | Reached skill level 6 in Dodging
  7911 | D:6      | Reached skill level 5 in Unarmed Combat
  8483 | D:6      | Found a staircase to the Ecumenical Temple.
  8485 | D:6      | Reached skill level 5 in Transmutations
  8524 | Temple   | Entered the Ecumenical Temple
  8608 | Temple   | Became a worshipper of Uskayaw the Reveler
  8767 | D:6      | Reached * piety under Uskayaw
  8769 | D:6      | Reached ** piety under Uskayaw
  8770 | D:6      | Reached XP level 8. HP: 36/36 MP: 9/13
  9177 | D:7      | Reached *** piety under Uskayaw
  9182 | D:7      | Reached **** piety under Uskayaw
  9187 | D:7      | Reached skill level 7 in Dodging
  9187 | D:7      | Reached skill level 1 in Invocations
  9202 | D:7      | Reached ***** piety under Uskayaw
  9838 | D:7      | Reached skill level 5 in Fighting
 10263 | D:7      | Killed from afar by an orc priest
 10264 | D:7      | Reached XP level 7. HP: -2/33 MP: 21/21
 11850 | D:8      | Killed from afar by an orc wizard

Vault maps used:
D:1:      co_arrival_random_square_maze, st_stairs_10,
          chequers_serial_rivers_marsh
D:3:      uniq_jessica
D:4:      first_ration, nemelex_diamond_rough_becter
D:5:      serial_shops, nicolae_shop_waterfront
D:6:      kennysheep_little_box, minmay_temple_entry_purple_smoke,
          chequers_hall_statues_wall_a
D:7:      nrook_uturn
D:8:      david_lair_generic
Temple:   grunt_wide_crystal_templ

Skill      XL: |  1  2  3  4  5  6  7  8 |
---------------+-------------------------+-----
Dodging        | 3 4 5 6 7 |  7.5
Fighting       | 2 3 4 5 |  5.3
Transmutations | 3 4 5 |  5.7
Poison Magic   | 1 2 |  2.0
Unarmed Combat | 4 6 |  6.1
Spellcasting   | 3 |  3.3
Invocations    | 2 1 |  2.1

Action                   |  1- 3 |  4- 6 |  7- 9 || total
-------------------------+-------+-------+-------++-------
Melee: Unarmed           |   105 |   160 |   265 ||   530
       Bite              |     8 |     8 |    10 ||    26
       Headbutt          |     6 |    15 |    13 ||    34
       Punch             |     1 |       |     4 ||     5
 Cast: Beastly Appendage |    23 |    19 |    13 ||    55
       Sticks to Snakes  |     9 |    31 |    22 ||    62
       Spider Form       |       |     7 |    18 ||    25
Invok: Line Pass         |       |       |     1 ||     1
  Use: Scroll            |       |     6 |     5 ||    11
       Potion            |       |     1 |       ||     1
 Stab: Sleeping          |     3 |     9 |     2 ||    14
       Paralysed         |       |       |     3 ||     3
  Eat: Chunk             |    10 |    10 |    22 ||    42
Armor: Skin              |    13 |     5 |     5 ||    23
Dodge: Dodged            |    92 |   156 |   251 ||   499

Table legend:
 A = Non-vault XP
 B = Vault XP
 C = Vault XP percentage of total XP
 D = Non-vault monster count
 E = Vault monster count
 F = Vault count percentage of total count
                 A         B        C        D         E       F
            +---------+---------+-------+---------+---------+-------
      Total |    2612 |      26 |   1.0 |     158 |       4 |   2.5
            +---------+---------+-------+---------+---------+-------
        D:1 |      48 |       7 |  12.7 |      23 |       3 |  11.5
        D:2 |      93 |       0 |   0.0 |      30 |       0 |   0.0
        D:3 |     404 |      19 |   4.5 |      26 |       1 |   3.7
        D:4 |       8 |       0 |   0.0 |       3 |       0 |   0.0
        D:5 |     319 |       0 |   0.0 |      15 |       0 |   0.0
        D:6 |     984 |       0 |   0.0 |      27 |       0 |   0.0
        D:7 |     697 |       0 |   0.0 |      30 |       0 |   0.0
        D:8 |      59 |       0 |   0.0 |       4 |       0 |   0.0
            +---------+---------+-------+---------+---------+-------
